[Event "*** Titled Tuesday Blitz"]
[Site "Chess.com"]
[Date "2020.04.21"]
[Round "5"]
[White "Leonid_Starozhilov"]
[Black "amintabatabaei"]
[Result "1/2-1/2"]
[WhiteElo "2637"]
[BlackElo "2820"]
[TimeControl "180+1"]
[EndTime "10:58:24 PDT"]
[Termination "Game drawn - insufficient material"]

1. c4 c6 2. Nf3 d5 3. b3 Nf6 4.
Bb2 e6 5. e3 Bd6 6. d4 O-O 7.
Be2 Nbd7 8. O-O b6 9. Nc3 Bb7 10.
Rc1 Rc8 11. cxd5 exd5 12. Bd3 Re8 13. Qc2 Nf8 14. Ne2 Ne4 15. Ng3 Bxg3 16. hxg3 Ng6 17. Ne5 c5 18. Bxe4 dxe4 19. Nxg6 hxg6 20. Qe2 cxd4 21.
Bxd4 Qd5 22. Rfd1 f6 23. Rxc8 Rxc8 24. Bxf6 Ba6 25. Rxd5 Bxe2 26. Be5 Re8 27. Bd4 Re7 28. Kh2 Kf7 29. Kh3 Rc7 30. g4 Bd3 31. Kg3 Bb1 32.
a4 Ba2 33. Rb5 Rc6 34. a5 bxa5 35.
Rb7+ Ke6 36. Rxg7 Bxb3 37. Rxg6+ Kd7 38. Rxc6 Kxc6 39. Bxa7 a4 40. Bd4 a3 41. Kf4 Kd5 42. Kf5 a2 43. Kf6 Kc4 44. f4 Kd3 45. f5 a1=Q 46.
Bxa1 Kxe3 47. Bc3 Kf4 48. g5 e3 49. Be1 Bc2 50. g6 Bxf5 51. g7 Bh7 52. Kf7 Ke4 53. g8=Q Bxg8+ 54. Kxg8 Kd3 55. g4 Ke4 56. Bg3 Kf3 57. Be1 Kxg4 58. Kf7 Kf3 59. Ke6 e2 60.
Kd5 Kg2 61. Kd4 Kf1 62. Bb4 e1=Q 63. Bxe1 1/2-1/2

[Event "*** Titled Tuesday Blitz"]
[Site "Chess.com"]
[Date "2020.04.21"]
[Round "5"]
[White "Nafania1"]
[Black "kingofkolkata"]
[Result "0-1"]
[WhiteElo "2363"]
[BlackElo "2246"]
[TimeControl "180+1"]
[EndTime "10:58:24 PDT"]
[Termination "kingofkolkata won on time"]

1. e4 e5 2. Nf3 Nc6 3. Bb5 a6 4. Ba4 Nf6 5. O-O Be7 6. Re1 b5 7. Bb3 d6 8. c3 O-O 9. h3 Bb7 10. d4 Re8 11. Nbd2 Bf8 12. a3 Nb8 13. Bc2 h6 14. b4 Nbd7 15. Bb2 c6 16. c4 exd4 17.
Nxd4 c5 18. Nf5 g6 19. Ng3 Bg7 20. Rb1 Qc7 21. Bb3 Ne5 22. Bxe5 Rxe5 23. Rc1 Rae8 24.
cxb5 axb5 25. bxc5 dxc5 26. Nf3 R5e7 27. e5 c4 28. exf6 Bxf3 29. Rxe7 Qxe7 30. Qxf3 Qxf6 31. Bxc4 Qxf3 32. gxf3 bxc4 33. Rxc4 Ra8 34. a4 h5 35.
Ne4 Be5 36. Nc5 Rc8 37. a5 Bd6 38. a6 Rxc5 39. a7 Rxc4 40. a8=Q+ Kg7 41. Qd5 Rc1+ 42. Kg2 Be7 43. Qd2 Rc6 44. Qd5 Re6 45. Qd7 Bf6 46.
Qd5 Re5 47. Qd7 Rg5+ 48. Kf1 Re5 49. Qd6 Re7 50. Qd5 Re6 51. Qd3 Rb6 52. f4 Rb2 53.
Kg2 Bh4 54. Qd4+ Bf6 55. Qd3 Rb4 56. f5 g5 57. Qd6 Rb2 58. Qd3 Rb4 59. Qf3 Rd4 60.
Qxh5 Rf4 61. Qe2 Rxf5 62. Qe4 Re5 63. Qd3 Re6 64. f4 gxf4 65. Qf5 Re2+ 0-1

[Event "*** Titled Tuesday Blitz"]
[Site "Chess.com"]
[Date "2020.04.21"]
[Round "5"]
[White "RaphaeI"]
[Black "Beca95"]
[Result "1/2-1/2"]
[WhiteElo "2664"]
[BlackElo "2862"]
[TimeControl "180+1"]
[EndTime "10:58:25 PDT"]
[Termination "Game drawn by repetition"]

1. Nf3 d5 2. d4 Bf5 3. c4 e6 4. Nc3 Nc6 5. cxd5 exd5 6. Bf4 Bd6 7. Bg3 Nge7 8. e3 a6 9. Bd3 Bxd3 10. Qxd3 O-O 11. Rc1 h6 12. a3 Qd7 13. O-O Bxg3 14. hxg3 Ng6 15. Na4 Nce7 16. Nc5 Qc8 17. b4 b6 18. Nb3 Qd7 19. Rc3 Rfc8 20. Rfc1 Qd6 21. Qc2 c6 22. Ne1 h5 23. Nf3 Re8 24. Nbd2 a5 25. Rb1 axb4 26. Rxb4 Ra6 27. e4 dxe4 28.
Nxe4 Qd7 29. Ne5 Qd5 30. Nxg6 Nxg6 31. Re3 Rea8 32. a4 Qd7 33. Rc4 Ne7 34. Nc3 Nf5 35.
Re4 g6 36. Qd3 Ra5 37. Rb4 c5 38. Rxb6 cxd4 39. Rb5 Rxb5 40. Qxb5 Qxb5 41. Nxb5 Rxa4 42. f3 Ra1+ 43. Kh2 d3 44. Re8+ Kg7 45. Rd8 Rd1 46.
Nc3 Rd2 47. Ne4 Rd1 48. Nf2 Rd2 49. Ne4 Re2 50. Rxd3 h4 51. Rd2 hxg3+ 52. Kh3 Re1 53.
Nxg3 Ne3 54. Kh2 Rc1 55. Re2 Nd5 56. Ne4 Nf4 57. Rd2 Re1 58. Kg3 Ne6 59. Kf2 Ra1 60.
Rd7 Ra5 61. Kg3 Re5 62. Nd6 Ng5 63. f4 Ne4+ 64. Nxe4 Rxe4 65. Kf3 Rb4 66. g3 Rb3+ 67. Kg2 Rb2+ 68. Kf3 Rb3+ 69. Kg2 Rb2+ 70. Kf3 Rb3+ 1/2-1/2

[Event "*** Titled Tuesday Blitz"]
[Site "Chess.com"]
[Date "2020.04.21"]
[Round "5"]
[White "afgano29"]
[Black "IljaJoke"]
[Result "1-0"]
[WhiteElo "2653"]
[BlackElo "2489"]
[TimeControl "180+1"]
[EndTime "10:58:25 PDT"]
[Termination "afgano29 won on time"]

1. e4 e5 2. Nf3 Nc6 3. Bb5 a6 4. Ba4 Nf6 5. d3 b5 6. Bb3 Bc5 7. Nc3 h6 8. Nd5 d6 9. c3 Rb8 10. h3 Nxd5 11. Bxd5 Ne7 12. Bb3 Bb6 13. d4 exd4 14.
cxd4 O-O 15. a4 c5 16. O-O c4 17. Bc2 Ng6 18. Be3 Re8 19. axb5 axb5 20. Re1 Bb7 21. d5 Bxe3 22. Rxe3 Qf6 23. Nd4 Bc8 24. Rb1 b4 25.
Ba4 Rf8 26. Bb5 Ne5 27. Qe2 Bd7 28. Bxc4 Nxc4 29. Qxc4 Rfc8 30. Qd3 Rc5 31. Rd1 Rbc8 32. Qd2 Qe5 33. Qxb4 Rc1 34. Qd2 Rxd1+ 35. Qxd1 Rc4 36. Nc6 Qxb2 37. Qf3 Bxc6 38. dxc6 Rxc6 39. Re1 Qe5 40. Qe3 Rc3 41. Qd2 h5 42. h4 g6 43. g3 Qc5 44.
Kg2 Rc2 45. Qf4 Kg7 46. Rd1 Qe5 47. Rxd6 Qxf4 48. gxf4 Rc4 49. Kf3 Rc3+ 50. Kg2 Rc4 51. f3 Rc2+ 52. Kg3 Rc1 53. Rd5 Rg1+ 54. Kh2 Rf1 55.
Kg2 Ra1 56. f5 Kf6 57. fxg6 fxg6 58. Rd6+ Kf7 59. Kg3 Rh1 60. Ra6 Kg7 61. e5 Kf7 62. Rb6 Rg1+ 63. Kf4 Re1 64. Rb7+ Ke6 65. Rg7 Rxe5 66.
Rxg6+ Kd5 67. Rg5 Rxg5 68. Kxg5 1-0

[Event "*** Titled Tuesday Blitz"]
[Site "Chess.com"]
[Date "2020.04.21"]
[Round "5"]
[White "Igor_Lysyj"]
[Black "emperor87"]
[Result "0-1"]
[WhiteElo "2789"]
[BlackElo "2646"]
[TimeControl "180+1"]
[EndTime "10:58:26 PDT"]
[Termination "emperor87 won by resignation"]

1. d4 Nf6 2. c4 e6 3. Nf3 Bb4+ 4.
Bd2 a5 5. g3 O-O 6. Bg2 d5 7.
a3 Bxd2+ 8. Nbxd2 b6 9. O-O Bb7 10. cxd5 Nxd5 11. e4 Nf6 12. Qc2 Nbd7 13. e5 Nd5 14.
Ne4 c5 15. Nd6 Ba6 16. Rfd1 cxd4 17. Rxd4 Nxe5 18. Nxe5 Qxd6 19. Re1 Bb7 20. Qd2 Rac8 21. h4 Rfd8 22. Bh3 Re8 23. h5 Qc7 24. h6 g6 25.
Rc4 Qe7 26. Rxc8 Rxc8 27. Nxf7 Kxf7 28. Qd4 Nf6 29. Qxb6 Rc6 30. Qxa5 Qd7 31. Bg2 Rd6 32. Bxb7 Qxb7 33. Qc3 Qd5 34. b4 Qh5 35. Qc7+ Rd7 36. Qb6 Qxh6 37. Qxe6+ Kg7 38. Qe5 Qd2 39. b5 Qd3 40.
Rc1 Qxa3 41. Rc7 Rxc7 42. Qxc7+ Kg8 43. Qd8+ Kf7 44. Qc7+ Ke6 45. b6 Nd7 46. b7 Qd6 47. Qc8 Ke7 48. Qg8 h5 49. Qg7+ Kd8 50. Qg8+ Kc7 51. Qc8+ Kb6 52. Kh2 Nb8 53. Kg1 Qc7 54. Qe6+ Qc6 55. Qc8 Qxb7 56. Qe6+ Qc6 57.
Qe3+ Kc7 58. Qe5+ Qd6 59. Qe8 Nd7 60. Kh2 Qf6 61. f4 Kd6 62. Qe3 Qe7 63. Qa3+ Ke6 64. Qe3+ Kf7 65. Qb3+ Kg7 66. Qc3+ Nf6 67. Kh3 Kh7 68.
Kh2 Ng4+ 0-1

[Event "*** Titled Tuesday Blitz"]
[Site "Chess.com"]
[Date "2020.04.21"]
[Round "5"]
[White "Koksik_13"]
[Black "Orest_Vovk"]
[Result "0-1"]
[WhiteElo "2617"]
[BlackElo "2452"]
[TimeControl "180+1"]
[EndTime "10:58:26 PDT"]
[Termination "Orest_Vovk won on time"]

1. e4 Nc6 2. Nf3 d5 3. exd5 Qxd5 4. Nc3 Qa5 5. d4 Bg4 6. h3 Bxf3 7. Qxf3 O-O-O 8. Be3 e5 9. d5 Ba3 10. Bc1 Nd4 11. Qd3 Bb4 12. Be2 Nf6 13. O-O Rhe8 14. Bd1 Qa6 15. Qxa6 bxa6 16. a3 Ba5 17. b4 Bb6 18.
Bg5 h6 19. Bxf6 gxf6 20. Kh1 Nb5 21. Na4 Bd4 22. Rb1 Nxa3 23. Rb3 Nc4 24. Rd3 Bb6 25. Be2 e4 26. Rdd1 Nd6 27. c4 a5 28. c5 axb4 29.
cxb6 axb6 30. Nb2 Re5 31. Nc4 Rg5 32. Ra1 Nxc4 33. Bxc4 Kd7 34. Rfc1 Kd6 35. Ra7 e3 36. fxe3 Re8 37. Bf1 Rxe3 38. Raxc7 Re1 39. R7c6+ Kxd5 40. Rxe1 Kxc6 41. Be2 Re5 42. Rc1+ Kd5 43. Rb1 Rxe2 44. Rxb4 Re1+ 45. Kh2 Re6 46. Rb1 Kc5 47. g4 b5 48.
Rc1+ Kb6 49. Rb1 Re3 50. h4 Re4 51. Kg3 Kc5 52. Kf3 f5 53. gxf5 Rxh4 54. Re1 b4 55.
Re7 b3 56. Rc7+ Kb6 57. Rc8 Rb4 58. Rc1 b2 59. Rb1 Kc5 60. Ke3 Kb5 61. Kd2 h5 62. Kc2 h4 63. f6 h3 64. Rh1 b1=Q+ 65. Kd2 Qxh1 66. Ke3 Qf1 0-1

[Event "*** Titled Tuesday Blitz"]
[Site "Chess.com"]
[Date "2020.04.21"]
[Round "5"]
[White "Bastiandash"]
[Black "tgpgoat"]
[Result "1/2-1/2"]
[WhiteElo "1979"]
[BlackElo "2155"]
[TimeControl "180+1"]
[EndTime "10:58:27 PDT"]
[Termination "Game drawn by repetition"]

1. d4 Nf6 2. Nf3 d5 3. Bg5 Ne4 4. Bf4 c5 5. e3 e6 6. c3 Qb6 7. Qb3 c4 8. Qxb6 axb6 9. a3 b5 10. Nbd2 Nxd2 11. Nxd2 Nc6 12. Rd1 Be7 13. f3 Bd7 14. e4 O-O 15. Be2 Bf6 16. O-O Rfc8 17. Rfe1 Bd8 18. Rf1 Bb6 19. Be3 Ne7 20. e5 Rd8 21. f4 Bc7 22. Rf3 Nc8 23. Rdf1 Nb6 24. Nb1 Na4 25. Bc1 Rf8 26. g4 g6 27. Bd1 Bd8 28. Bc2 f5 29. g5 Be7 30. h4 Rfc8 31.
Kf2 Kg7 32. Rh1 h6 33. h5 hxg5 34. fxg5 gxh5 35. Rxh5 Rh8 36. Rh6 Rxh6 37. gxh6+ Kh7 38. Rg3 Rg8 39. Rh3 Rg6 40. Bxa4 bxa4 41. Be3 Bf8 42. Nd2 Bxh6 43. Kf3 Kg7 44. Nf1 Bxe3 45. Nxe3 Rg1 46. Rg3+ Rxg3+ 47. Kxg3 Kg6 48. Ng2 Kg5 49. Nf4 Bc8 50. Ng2 Kh5 51. Nf4+ Kg5 52. Nh3+ Kg6 53. Kh4 Kh6 54. Nf4 Bd7 55. Nh3 Kg6 56. Kg3 Kh5 57. Nf4+ Kg5 58. Nh3+ Kh5 59. Kf4 Kh4 60. Nf2 Kh5 61.
Kg3 Kg5 62. Nh3+ Kh5 1/2-1/2

[Event "*** Titled Tuesday Blitz"]
[Site "Chess.com"]
[Date "2020.04.21"]
[Round "5"]
[White "Azatic"]
[Black "pooh2012"]
[Result "1-0"]
[WhiteElo "2660"]
[BlackElo "2491"]
[TimeControl "180+1"]
[EndTime "10:58:28 PDT"]
[Termination "Azatic won by checkmate"]

1. e4 d6 2. d4 Nf6 3. Nc3 Nbd7 4. Nge2 e5 5. h3 g6 6. g4 Bg7 7. Be3 c6 8. Bg2 Qc7 9. Ng3 h6 10. Qd2 b5 11. O-O-O Nb6 12. b3 b4 13. Nce2 a5 14.
dxe5 dxe5 15. Bc5 Nfd7 16. Bd6 Qa7 17. Kb1 a4 18. Nc1 axb3 19. cxb3 c5 20. Bf1 Ba6 21. Bxa6 Qxa6 22. Qd3 c4 23. bxc4 Nxc4 24. Rhe1 Nxd6 25.
Qxd6 Qxd6 26. Rxd6 Ke7 27. Red1 Nc5 28. Nb3 Rhc8 29. Nxc5 Rxc5 30. Rd7+ Ke8 31. Rb7 Rca5 32. Rdd7 Rxa2 33. Re7+ Kd8 34. Rxf7 Ra1+ 35. Kb2 R1a2+ 36. Kb3 R2a3+ 37. Kc4 Rc3+ 38. Kb5 b3 39. Rxg7 Rc7 40. Rgxc7 b2 41. Rd7+ Kc8 42. Kc6 Ra6+ 43. Kd5 b1=Q 44.
Rxb1 Kxd7 45. Kxe5 Ra5+ 46. Kf4 Ra6 47. g5 h5 48. Rd1+ Ke7 49. Rd5 Ra3 50. f3 Ra2 51. Re5+ Kf7 52. Rb5 Rh2 53. Rb7+ Kg8 54. Ke5 Rxh3 55.
Ne2 Rxf3 56. Nf4 Rg3 57. Kf6 Rf3 58. Ke5 Rg3 59. Ne6 Rf3 60. Rb8+ Kh7 61. Nd4 Rf7 62. Ke6 Rf4 63. Ke5 Rf7 64. Rb3 Re7+ 65. Kd5 Kg7 66. e5 Rd7+ 67. Kc5 Re7 68. e6 Re8 69. Kd6 Rd8+ 70.
Ke5 Re8 71. Rb7+ Kg8 72. Nf3 Rf8 73. Nh4 Rc8 74. Nxg6 Rc5+ 75. Kf6 Rc8 76. Rg7# 1-0

[Event "*** Titled Tuesday Blitz"]
[Site "Chess.com"]
[Date "2020.04.21"]
[Round "5"]
[White "cassoulet"]
[Black "Piotrek1979"]
[Result "1-0"]
[WhiteElo "2641"]
[BlackElo "2439"]
[TimeControl "180+1"]
[EndTime "10:58:28 PDT"]
[Termination "cassoulet won on time"]

1. e4 c6 2. Nc3 d5 3. Nf3 dxe4 4. Nxe4 Nf6 5. Nxf6+ gxf6 6. g3 Bg4 7. Bg2 e6 8.
O-O Bd6 9. h3 Bh5 10. d4 Nd7 11. c4 Rg8 12. g4 Bg6 13. d5 cxd5 14. cxd5 e5 15. Re1 Qa5 16. Bd2 Bb4 17. Bxb4 Qxb4 18.
a3 Qb6 19. Qa4 Rd8 20. Nd2 Kf8 21. Nc4 Qa6 22. Qb4+ Kg7 23. Bf1 b5 24. Ne3 Qb6 25.
Rac1 Rc8 26. Qxb5 Nc5 27. Qxb6 axb6 28. Nc4 Nb3 29. Rc3 Nd4 30. Rec1 Rb8 31. Ne3 Rgd8 32. Rc7 Be4 33. Bc4 b5 34. Bf1 Bxd5 35. Nxd5 Rxd5 36.
R1c5 Nf3+ 37. Kg2 Ne1+ 38. Kg3 Rd2 39. Rc1 Nd3 40. Rd7 Nxf2 41. Rxd2 Ne4+ 42. Kg2 Nxd2 43.
Be2 b4 44. a4 Nb3 45. Rc7 Nd4 46. Bc4 b3 47. Rxf7+ Kg6 48. Rc7 Kg5 49. Bd3 Kf4 50. Rf7 Ke3 51. Bxh7 Rc8 52. Rxf6 Rc2+ 53. Bxc2 bxc2 54.
Rf1 Ne2 55. g5 Nf4+ 56. Kg3 Nd3 57. g6 Ke2 58. Ra1 e4 59. g7 e3 60. g8=Q c1=Q 61. Qg4+ Kd2 62. Rxc1 Nxc1 63. a5 Nd3 64. a6 Nf2 65.
Qd4+ Ke2 66. a7 Nh1+ 67. Kg2 Nf2 68. Qc4+ Kd2 69. a8=Q Nd3 70. Qad5 Ke1 71. Qdxd3 1-0

[Event "*** Titled Tuesday Blitz"]
[Site "Chess.com"]
[Date "2020.04.21"]
[Round "5"]
[White "2L8IWUN"]
[Black "Hanging_pointer"]
[Result "1/2-1/2"]
[WhiteElo "2445"]
[BlackElo "2602"]
[TimeControl "180+1"]
[EndTime "10:58:29 PDT"]
[Termination "Game drawn by repetition"]

1. Nf3 d5 2. b3 c5 3. Bb2 Nc6 4. e3 Nf6 5. Be2 Bf5 6. O-O e6 7. d4 cxd4 8. Nxd4 Nxd4 9. Bxd4 Be7 10. c4 O-O 11. cxd5 Nxd5 12. Nc3 Nxc3 13. Bxc3 Qb6 14. Bd4 Qa5 15. Bd3 Bxd3 16. Qxd3 Rfd8 17. Qc3 Bb4 18. Qc2 Rac8 19. Qe4 b6 20. h3 Bc5 21.
Bxc5 Qxc5 22. Rfd1 h6 23. Qf3 Qc2 24. g3 a5 25. Kg2 b5 26. Qb7 b4 27. Qf3 Rd2 28. e4 Rc3 29. Rxd2 Qxd2 30. Rd1 Qg5 31. h4 Qe7 32. Qf4 Rc2 33. Rd2 Rxd2 34. Qxd2 Qc5 35.
Kf3 Qc7 36. Qf4 Qc2 37. e5 Qxa2 38. Qe4 Qxb3+ 39. Ke2 Qa2+ 40. Ke3 b3 41. Qa8+ Kh7 42. Qe4+ g6 43. h5 Qc2 44. hxg6+ fxg6 45. Qb7+ Kg8 46. Qb8+ Kf7 47. Qa7+ Ke8 48. Qb8+ Kd7 49. Qb7+ Qc7 50. Qb5+ Qc6 51. Qxb3 Qc5+ 52. Ke2 Qxe5+ 53. Kf1 Qd5 54. Qa4+ Kd6 55. Qe8 Ke5 56. Qf8 Qd3+ 57. Kg2 Qf5 58. Qh8+ Qf6 59. Qxh6 a4 60. Qc1 Qf5 61. Qa1+ Kd6 62.
Qxa4 Qd5+ 63. Kh2 Ke7 64. Qh4+ Kd7 65. Qf4 Qd6 66. Qxd6+ Kxd6 67. Kg2 Ke5 68. Kf3 Kf5 69. g4+ Ke5 70. Ke3 g5 71. f3 Kd5 72. Kd3 Ke5 73. Ke3 Kd5 74. Kd3 Ke5 75. Ke3 1/2-1/2

[Event "*** Titled Tuesday Blitz"]
[Site "Chess.com"]
[Date "2020.04.21"]
[Round "5"]
[White "BillieKimbah"]
[Black "OparinGrigoriy"]
[Result "1-0"]
[WhiteElo "2822"]
[BlackElo "2900"]
[TimeControl "180+1"]
[EndTime "10:58:35 PDT"]
[Termination "BillieKimbah won by resignation"]

1. d4 Nf6 2. c4 e6 3. Nf3 d5 4. g3 Bb4+ 5. Bd2 Be7 6. Bg2 O-O 7.
Qc2 c6 8. b3 Nbd7 9. Nc3 a5 10.
e4 dxe4 11. Nxe4 Nxe4 12. Qxe4 Nf6 13. Qc2 b6 14. O-O Bb7 15. Rad1 c5 16. Bc3 cxd4 17. Bxd4 Qc7 18. Be5 Qc6 19. Qe2 Rad8 20. Bd4 h6 21.
Qe3 Nd7 22. Nh4 Qc7 23. Bxb7 Qxb7 24. Nf3 Bc5 25. Rfe1 Rfe8 26. Ne5 Nxe5 27. Qxe5 f6 28. Qh5 e5 29. Bxc5 bxc5 30. Rd5 Qf7 31. Qxf7+ Kxf7 32.
Rxc5 Rd2 33. Rxa5 Red8 34. a4 Rb2 35. Rb5 Rdd2 36. Rf1 e4 37. Rb7+ Ke6 38. Rb8 Kd7 39. Rb5 e3 40. Rd5+ Rxd5 41. cxd5 exf2+ 42. Rxf2 Rxb3 43. Ra2 Rb6 44. a5 Ra6 45. Kf2 Kd6 46. Kf3 Kxd5 47. Kf4 g6 48. h4 f5 49. h5 gxh5 50. Kxf5 Kc5 51. Ra1 Kb4 52. Kf4 Kb5 53. Ra2 Kb4 54. Ra1 Rf6+ 55. Ke5 Ra6 56. Kf5 Kb5 57. Rb1+ Kc4 58.
Ra1 Kb5 59. Kf4 Rf6+ 60. Ke3 Ra6 61. Kf2 Kb4 62. Kg2 Kb5 63. Kh3 Kc6 64. Kh4 Kb7 65.
Kxh5 Rf6 66. g4 Ka6 67. Ra2 Re6 68. Ra1 Rf6 69. Ra3 Re6 70. Ra4 Rf6 71. Ra1 Re6 72.
Rd1 Kxa5 73. Rd8 Kb5 74. Rh8 Kc5 75. Rxh6 Re1 76. Rf6 Kd5 77. g5 Ke5 78. Rf2 Rg1 79. Kh6 Ke6 80. g6 Ke7 81. g7 Rh1+ 82. Kg6 Rg1+ 83.
Kh7 Rf1 84. Rxf1 1-0

[Event "*** Titled Tuesday Blitz"]
[Site "Chess.com"]
[Date "2020.04.21"]
[Round "5"]
[White "vaishali2001"]
[Black "isla88"]
[Result "1-0"]
[WhiteElo "2500"]
[BlackElo "2305"]
[TimeControl "180+1"]
[EndTime "10:58:36 PDT"]
[Termination "vaishali2001 won by resignation"]

1. e4 c5 2. Nf3 Nc6 3. d4 cxd4 4. Nxd4 e5 5. Nb5 d6 6. N1c3 a6 7. Na3 Be7 8. Nd5 Nf6 9. Be3 Nxd5 10. exd5 Nb8 11.
Nc4 Nd7 12. a4 O-O 13. Be2 f5 14. f4 g5 15. fxe5 dxe5 16. d6 Bf6 17. Qd5+ Kh8 18. O-O-O f4 19. Bf2 Rb8 20. a5 b5 21. axb6 Bb7 22.
Qe6 Bxg2 23. Bg4 Bxh1 24. Rxh1 Nxb6 25. Nxe5 Qe8 26. Qxe8 Rfxe8 27. Nd3 Nc4 28. b3 Nxd6 29. h4 Ne4 30. hxg5 Nxf2 31. Nxf2 Bxg5 32. Bf5 f3+ 33. Kb2 h6 34. Rh3 Kg7 35. Rxf3 Rf8 36.
Ne4 Rb5 37. Ng3 Bh4 38. c4 Re5 39. Nh5+ Kh8 40. Be4 Rxf3 41. Bxf3 Re3 42. Bg4 Bg5 43. Ka3 a5 44. Ka4 Re5 45. Bf3 Bd2 46. Bg4 Rg5 47. Be2 Kh7 48. Nf6+ Kg7 49. Ne4 Re5 50. Bd3 Be1 51.
Nd6 h5 52. Nf5+ Kf6 53. Nd4 h4 54. Nf3 Re3 55. Nxe1 Rxe1 56. c5 h3 57. c6 h2 58.
c7 Rc1 59. Bc4 h1=Q 60. c8=Q Ra1+ 61. Kb5 Qh5+ 62. Kb6 Qd5 63. Bxd5 Rd1 64. Qe6+ Kg5 65. Qe5+ Kg4 66. Qe4+ Kg5 67. Qe3+ Kf6 68. Qf3+ Ke7 69. Qxd1 Kd6 70. Bc4+ Ke5 71. Qd5+ Kf4 72. Qe6 1-0

[Event "*** Titled Tuesday Blitz"]
[Site "Chess.com"]
[Date "2020.04.21"]
[Round "5"]
[White "enriquetejedor"]
[Black "Omk124"]
[Result "1-0"]
[WhiteElo "2523"]
[BlackElo "2367"]
[TimeControl "180+1"]
[EndTime "10:58:37 PDT"]
[Termination "enriquetejedor won by checkmate"]

1. e4 c5 2. Nf3 d6 3. d4 cxd4 4. Nxd4 Nf6 5. Nc3 a6 6. f3 e5 7.
Nb3 Be7 8. Be3 Be6 9. Nd5 Nxd5 10. exd5 Bf5 11. a4 Nd7 12. Bd3 Bg6 13. O-O O-O 14. a5 f5 15. f4 e4 16. Be2 Rc8 17. Nd4 Rf7 18. Ne6 Qe8 19. b4 Nf8 20. Ng5 Bxg5 21.
fxg5 Nd7 22. c4 Ne5 23. Rc1 Rfc7 24. Qd4 Nd3 25. Bxd3 exd3 26. c5 Qe4 27. Rf4 Qe5 28. Qxd3 Re8 29. Rc3 Rce7 30. Kf2 Bf7 31. c6 Bxd5 32.
c7 Be4 33. Qc4+ d5 34. Qd4 Qxd4 35. Bxd4 Rc8 36. Bb6 Kf7 37. g4 g6 38. h4 Ke6 39.
gxf5+ Bxf5 40. Kf1 Be4 41. Rf2 Ke5 42. Rf6 Re6 43.
Rxe6+ Kxe6 44. Ke2 Kd6 45. Ke3 Ke5 46. Bd4+ Kd6 47.
Bb6 Ke6 48. Rc1 Bf5 49. Kd4 Kd6 50. Re1 Be4 51. Rf1 Bf5 52. Rf2 Re8 53. Rf4 Re6 54. h5 Re8 55. hxg6 hxg6 56. Kc3 Kc6 57. Rh4 Kb5 58. Rh7 Re2 59. Rf7 Rc2+ 60. Kd4 Kxb4 61. Kxd5 Kb5 62. Ke5 Rc6 63. Rxf5 gxf5 64. Kxf5 Kc4 65.
g6 Kd5 66. g7 Rxc7 67. Bxc7 Kc6 68. Bg3 b6 69. g8=Q bxa5 70. Qc4+ Kb6 71. Qc7+ Kb5 72. Qb7+ Ka4 73. Be1 Ka3 74. Bxa5 Ka4 75. Qb4# 1-0

[Event "*** Titled Tuesday Blitz"]
[Site "Chess.com"]
[Date "2020.04.21"]
[Round "5"]
[White "crescentmoon2411"]
[Black "FairChess_on_YouTube"]
[Result "1/2-1/2"]
[WhiteElo "2776"]
[BlackElo "3035"]
[TimeControl "180+1"]
[EndTime "10:58:39 PDT"]
[Termination "Game drawn by repetition"]

1. e4 c5 2. Nf3 e6 3. g3 Nc6 4.
Bg2 Nf6 5. Qe2 e5 6. O-O d6 7.
c3 g6 8. d3 Bg7 9. Na3 O-O 10.
Bg5 Re8 11. Nc4 Be6 12. Ne3 Qd7 13. Bxf6 Bxf6 14. Nd2 Bg7 15. h3 b5 16. Kh2 b4 17.
Ndc4 Rab8 18. Qc2 Qc7 19. Qa4 Red8 20. Rac1 Ne7 21. h4 f5 22. Bh3 d5 23. exd5 Nxd5 24.
Nxd5 Bxd5 25. Ne3 Bc6 26. Qc2 f4 27. Nc4 bxc3 28. bxc3 Kh8 29. Bg2 Bxg2 30. Kxg2 Qf7 31. Qe2 Qd5+ 32. Qe4 Qxd3 33. Qxd3 Rxd3 34. Rfe1 fxg3 35.
fxg3 h5 36. Rc2 Rbd8 37. Nxe5 Rd2+ 38. Rxd2 Rxd2+ 39. Kh3 Kh7 40. Nf3 Rd8 41. Re7 Kg8 42. c4 Rd3 43. Ng5 Bf6 44. Rxa7 Bxg5 45. hxg5 Rc3 46.
a4 Rxc4 47. Rc7 Rxa4 48. Rxc5 Kf7 49. Re5 Ra6 50. Kg2 Ra4 51. Kh3 Rb4 52. Kg2 Rc4 53. Kf3 Rc3+ 54. Kf4 Rc4+ 55. Kf3 Rc6 56. Kf4 Rc3 57. Ra5 Rc4+ 58. Kf3 Ke6 59. Rb5 Rd4 60.
Rb6+ Kf5 61. Rb5+ Ke6 62. Rb6+ Rd6 63. Rxd6+ Kxd6 64. g4 h4 65. Kg2 Ke5 66. Kh3 Ke4 67.
Kxh4 Kf4 68. Kh3 Kf3 69. Kh4 Kf4 70. Kh3 Kxg5 71. Kg3 Kf6 72. Kf4 g5+ 73. Ke4 Ke6 74. Kd4 Kd6 75. Ke4 Ke6 76. Kd4 Kd6 77. Ke4 Ke6 1/2-1/2

[Event "*** Titled Tuesday Blitz"]
[Site "Chess.com"]
[Date "2020.04.21"]
[Round "5"]
[White "LilRag"]
[Black "HarryCun"]
[Result "1-0"]
[WhiteElo "2347"]
[BlackElo "2160"]
[TimeControl "180+1"]
[EndTime "10:58:40 PDT"]
[Termination "LilRag won on time"]

1. Nf3 c6 2. e4 d5 3. Nc3 dxe4 4. Nxe4 Bf5 5. Ng3 Bg6 6. h4 h6 7. Ne5 Bh7 8. Bc4 e6 9. Qh5 Qf6 10. d4 Nd7 11. Nxd7 Kxd7 12. c3 Qe7 13. Bf4 Nf6 14. Qe2 Nd5 15. Bd2 Re8 16. O-O-O Nb6 17. Bb3 Kc8 18.
Rde1 Qd7 19. Ne4 Be7 20. Bf4 Nd5 21. Bg3 Nf6 22. Nxf6 gxf6 23. Qf3 Rhg8 24. Qf4 Kd8 25. Qb8+ Qc8 26. Qxa7 Kd7 27. Re3 Bd6 28. Bxd6 Kxd6 29. Qc5+ Kd7 30. g3 Qc7 31. Rhe1 f5 32. Qc4 f4 33. gxf4 Qxf4 34. Qe2 Rg2 35. Qf3 Rxf2 36. Qxf4 Rxf4 37. h5 Rh4 38. Rf1 Bf5 39. Bc2 Rxh5 40. Bxf5 Rxf5 41. Rh1 h5 42. Reh3 Rh8 43. Rh4 Rg5 44.
Rf1 f5 45. Rfh1 Rg4 46. Rxh5 Rhg8 47. Rh7+ Kc8 48. Re7 Re4 49. Rhh7 Rg1+ 50. Kc2 Rg2+ 51. Kb3 Rg8 52. Rc7+ Kd8 53. Rxb7 Kc8 54. Rbc7+ Kb8 55. Rxc6 Rc8 56. Rb6+ Ka8 57. Re7 f4 58. Rbxe6 Rxe6 59.
Rxe6 Rf8 60. Re1 Kb7 61. Rf1 Kc6 62. Kc4 f3 63. Kd3 Ra8 64. Rxf3 Rxa2 65. Kc2 Ra7 66. c4 Ra4 67. Kc3 Kc7 68. d5 Kd6 69. Rf6+ Ke5 70. Re6+ Kf5 71. b3 Ra7 72. Rc6 Rd7 73. d6 Ke5 74. c5 Kd5 75. Rc7 Rd8 76. d7 Rh8 77.
Rc8 1-0

[Event "*** Titled Tuesday Blitz"]
[Site "Chess.com"]
[Date "2020.04.21"]
[Round "5"]
[White "maximnovik"]
[Black "francyIM"]
[Result "0-1"]
[WhiteElo "2439"]
[BlackElo "2695"]
[TimeControl "180+1"]
[EndTime "10:58:41 PDT"]
[Termination "francyIM won on time"]

1. d4 Nf6 2. Bg5 d5 3. e3 Bf5 4. c4 e6 5. Nc3 c6 6. Qb3 Qb6 7. c5 Qc7 8. Bf4 Qc8 9. h3 Nbd7 10. Nf3 h6 11. Qa4 Ne4 12. Nxe4 Bxe4 13. Nd2 Bg6 14. b4 Be7 15. b5 a5 16. Be2 O-O 17. O-O e5 18. Bg3 exd4 19. exd4 Bf6 20.
Nb3 Re8 21. Rfe1 Nf8 22. Bg4 Ne6 23. h4 h5 24. Bh3 Bd3 25. b6 Bb5 26. Qa3 a4 27.
Nd2 Bxd4 28. Bd6 Qd8 29. Nf3 Bxa1 30. Rxa1 Qf6 31. Be5 Qg6 32. Rc1 f6 33. Bd6 Bc4 34. Qc3 Qd3 35. Qb4 Bxa2 36. Rc3 Qb1+ 37. Qxb1 Bxb1 38.
Ra3 Be4 39. Bxe6+ Rxe6 40. Nd4 Ree8 41. f3 Bg6 42. Kf2 Bf7 43. Bc7 Be6 44. Bd6 Bd7 45. Bc7 Kf7 46. Bd6 g5 47. hxg5 fxg5 48. Bc7 h4 49. Bd6 h3 50. gxh3 Bxh3 51. Kg3 Bd7 52. f4 gxf4+ 53. Bxf4 Re4 54. Be3 Rh8 55. Nf3 Rh3+ 56. Kf2 Ke8 57. Ng5 Rh2+ 58. Kg1 Reh4 59. Nf3 Rh1+ 60. Kg2 Rh5 61. Rxa4 Bf5 62. Ra8+ Ke7 63. Rb8 Be4 64. Rxb7+ Ke6 65. Rc7 R5h2+ 66. Kg3 Rh3+ 67. Kg4 Bxf3+ 68. Kf4 d4 69. Bxd4 Bd5 70. b7 Rh4+ 71. Kg3 R1h3+ 72. Kf2 Rf4+ 0-1

[Event "*** Titled Tuesday Blitz"]
[Site "Chess.com"]
[Date "2020.04.21"]
[Round "5"]
[White "vinniethepooh"]
[Black "kpio91"]
[Result "1-0"]
[WhiteElo "2629"]
[BlackElo "2766"]
[TimeControl "180+1"]
[EndTime "10:58:44 PDT"]
[Termination "vinniethepooh won by resignation"]

1. d4 e6 2. c4 d5 3. Nc3 Bb4 4. Nf3 Nf6 5. e3 O-O 6. Bd3 c5 7. O-O cxd4 8. exd4 dxc4 9. Bxc4 b6 10. Bg5 Bb7 11.
Qe2 Nbd7 12. Ne5 Bxc3 13. bxc3 Qc7 14. Nxd7 Nxd7 15. Rac1 Qc6 16. f3 Rac8 17. Bd3 Qd6 18. Qf2 h6 19. Be3 Ne5 20. Be4 Nc6 21. Rfd1 f5 22.
Bb1 Na5 23. Qh4 Nc4 24. Bf4 Qd8 25. Qg3 Qf6 26. h4 Rfd8 27. Re1 Bd5 28. Bc2 b5 29. Bb3 Kh7 30. h5 Qf7 31. Qh4 Nb2 32. Re3 Nc4 33. Bxc4 Bxc4 34. Be5 Rd7 35. f4 Bd5 36.
Rg3 Qe8 37. Rg6 a5 38. Qg3 Qf8 39. Rxh6+ Kg8 40. Qg6 Qf7 41. Qh7+ Kf8 42. Rg6 Qg8 43. Rf6+ Ke7 44. Qxg8 Rxg8 45. Rg6 Kf7 46. a3 Rb7 47. Rb1 a4 48. Rb4 Bc4 49. Kf2 Kf8 50. g4 fxg4 51.
Rxg4 Rh8 52. Rg5 Rh7 53. Kg3 Ke8 54. f5 exf5 55. Rxf5 Rf7 56. Rxf7 Kxf7 57. Kh4 g6 58. Kg3 Rxh5 59. Rb2 Rg5+ 60. Kf4 Rg1 61. Rh2 Ke6 62. Rh8 Rf1+ 63. Ke3 Rd1 64. Re8+ Kd7 65. Rb8 Rd3+ 66. Ke4 Rxc3 67. d5 Rxa3 68. Rb7+ Kc8 69. Rb8+ Kd7 70. Rb7+ Kc8 71. Rc7+ Kd8 72. d6 Ra2 73. Bf6+ 1-0